 Seeded DCSS version 0.31-a0-303-gdc8c9485ea (webtiles) character file.

Game seed: 8917691805809255915 (custom seed)

481 bmack86 the Cleaver (level 6, 0/51 HPs)
             Began as a Minotaur Fighter on July 16, 2023.
             Was an Initiate of Okawaru.
             Slain by an orc wizard
             ... wielding a +0 dagger
              (3 damage)
             ... on level 3 of the Dungeon.
             The game lasted 00:06:53 (2579 turns).

bmack86 the Cleaver (Minotaur Fighter)              Turns: 2579, Time: 00:06:53

Health: 0/51       AC: 12    Str: 23    XL:     6   Next: 87%
Magic:  5/5        EV:  6    Int:  5    God:    Okawaru [......]
Gold:   137        SH:  4    Dex:  9    Spells: 5/5 levels left

rFire   . . .        a - +1 war axe
rCold   . . .        c - +0 buckler
rNeg    . . .        d - +0 plate armour
rPois   .            o - +0 hat
rElec   .            (no cloak)
rCorr   .            f - +0 pair of gloves
SInv    .            (no boots)
Will    .....        (no amulet) Stlth
                     e - ring of flight
HPRegen 0.28/turn    (no ring)
MPRegen 0.09/turn

%: no passive effects
@: flying
A: horns 2, retaliatory headbutt
a: Renounce Religion


You were on level 3 of the Dungeon.
You worshipped Okawaru.
Okawaru was noncommittal.
You visited 2 branches of the dungeon, and saw 5 of its levels.

You collected 137 gold pieces.

Inventory:

Hand Weapons
 a - a +1 war axe (weapon)
Missiles
 q - 5 javelins (quivered)
Armour
 b - a +0 scale mail
 c - a +0 buckler (worn)
 d - a +0 plate armour (worn)
 f - a +0 pair of gloves (worn)
 o - a +0 hat (worn)
Jewellery
 e - a ring of flight (left hand)
 n - a ring of protection from fire
Scrolls
 g - 3 scrolls of identify {unknown}
 i - 2 scrolls of poison {unknown}
 j - a scroll of vulnerability {unknown}
 k - a scroll of immolation {unknown}
Potions
 h - a potion of enlightenment {unknown}
 m - a potion of curing {unknown}
 p - a potion of mutation {unknown}


   Skills:
 - Level 3.6 Fighting
 + Level 9.0 Axes
 - Level 3.6 Armour
 - Level 3.6 Shields


You had 5 spell levels left.
You didn't know any spells.
Your spell library contained the following spells:

 Spells                   Type           Power      Damage    Failure   Level
 Ensorcelled Hibernation  Hex/Ice        0%         N/A       100%        2
 Passwall                 Tmut/Erth      0%         N/A       100%        2
 Swiftness                Air            0%         N/A       100%        3


Dungeon Overview and Level Annotations

Branches:
Dungeon (4/15)             Temple (1/1) D:4

Altars:
Ashenzari
Cheibriados
Dithmenos
Fedhas
Hepliaklqana
Makhleb
Nemelex Xobeh
Okawaru
Qazlal
Ru
Trog
Vehumet
Wu Jian
Xom
Yredelemnul
Zin
The Shining One

Shops:
D:1 (   D:4 [

Annotations:
Temple 2 transporters


Innate Abilities, Weirdness & Mutations

You have a pair of horns on your head.
You reflexively headbutt those who attack you in melee.


Message History

a +0 halberd; a jackal corpse; a gnoll corpse
Items here: )) [ †.
Items here: )) ††.
You see here a +0 club.
You start resting.
A gnoll comes into view.
It is wielding a +2 halberd of protection.
The gnoll shouts!
The gnoll throws a throwing net.
You block the throwing net.
You see here a throwing net.
An orc wizard comes into view. It is wielding a +0 dagger.
The gnoll hits you from afar with a +2 halberd of protection.
The gnoll hits you with a +2 halberd of protection.
The gnoll hits you with a +2 halberd of protection.
You barely miss the gnoll.
You headbutt the gnoll, but do no damage.
You block the gnoll's attack.
You hit the gnoll.
The gnoll is lightly wounded.
The orc wizard gestures at you while chanting.
The magic dart hits you but does no damage.
The gnoll hits you with a +2 halberd of protection.
* * * LOW HITPOINT WARNING * * *
You hit the gnoll.
You headbutt the gnoll, but do no damage.
The gnoll is lightly wounded.
You block the gnoll's attack.
You barely miss the orc wizard. Your headbutt misses the orc wizard.
You hit the gnoll.
The orc wizard gestures at you while chanting.
The magic dart hits you!
* * * LOW HITPOINT WARNING * * *
The gnoll hits you with a +2 halberd of protection.
* * * LOW HITPOINT WARNING * * *
Okay, then.
Okay, then.
As you read the scroll labelled LYTYIGRUF, it crumbles to dust.
It is a scroll of enchant weapon.
Your +0 war axe glows red for a moment.
The orc wizard hits you with a +0 dagger.
You die...

.... .... .... .. #### #..
... .. #.######..# ##
#)##....#.# ##########
#)##....#.# #........#
#)##....#.###........#
#)#..................#
####.#..)..........†....#
#.....(..@o.............#
##........g..............##
#........†..##......#######
#...........##......## ##
#...#.#...####.......# #.
###...#.#...#..........## #.
#.......................####.
#...........#.........#....#.
#...........#.........####...


You could see an orc wizard and a gnoll.

Vanquished Creatures
  A sky beast (D:4)
  A howler monkey (D:3)
  3 hounds (D:3)
  Robin (D:3)
  11 gnolls
  2 adders
  2 worms (D:3)
  4 dart slugs
  5 orcs (D:3)
  10 ball pythons
  6 bats
  4 endoplasms
  3 giant cockroaches
  16 goblins
  11 hobgoblins
  10 jackals (D:3)
  2 quokkas
  3 frilled lizards
  9 kobolds
  5 rats
109 creatures vanquished.

Notes
Turn   | Place    | Note
-------+----------+-------------------------------------------
     0 | D:1      | bmack86 the Minotaur Fighter began the quest for the Orb.
     0 | D:1      | Reached XP level 1. HP: 19/19 MP: 0/0
    22 | D:1      | Found Duod's Antique Weapon Shoppe.
    26 | D:1      | Reached skill level 3 in Axes
    69 | D:1      | Reached XP level 2. HP: 26/26 MP: 1/1
   226 | D:1      | Reached skill level 4 in Axes
   305 | D:1      | Reached XP level 3. HP: 31/31 MP: 2/2
   594 | D:2      | Found a faded altar of an unknown god.
   961 | D:3      | Reached skill level 5 in Axes
   987 | D:4      | Found Rugem's Antique Armour Shoppe.
  1033 | D:4      | Noticed a sky beast
  1041 | D:4      | Killed a sky beast
  1042 | D:4      | Reached skill level 6 in Axes
  1042 | D:4      | Reached XP level 4. HP: 39/39 MP: 3/3
  1042 | D:4      | Reached XP level 5. HP: 45/45 MP: 4/4
  1076 | D:4      | Found a staircase to the Ecumenical Temple.
  1083 | Temple   | Entered the Ecumenical Temple
  1083 | Temple   | Found a transporter.
  1083 | Temple   | Found a transporter.
  1085 | Temple   | Found a transporter.
  1085 | Temple   | Found a transporter.
  1108 | Temple   | Became a worshipper of Warmaster Okawaru
  1266 | D:2      | Found a stormy altar of Qazlal.
  1674 | D:3      | Reached skill level 7 in Axes
  1816 | D:3      | Reached XP level 6. HP: 48/51 MP: 5/5
  1841 | D:3      | Reached skill level 8 in Axes
  2330 | D:3      | Identified the +0 helmet "Daitaacu" {rC- rN+ Str-4 Dex+5}
  2330 | D:3      | Noticed Robin
  2347 | D:3      | Killed Robin
  2550 | D:3      | Reached skill level 9 in Axes
  2579 | D:3      | Slain by an orc wizard

Illustrated notes

Levels and vault maps discovered:
D:1:      psy_arrival_statuary, layout_basic, serial_shops, shop,
          minmay_pentomino_q4
D:2:      layout_basic, shapermc_ecumenical_altar_ellora, basic_altar
D:3:      lemuel_castle_with_subvaults [lemuel_castle_interior_carwin_2],
          layout_basic, uniq_grinder, uniq_robin
D:4:      layout_basic, temple_green, serial_shops, shop
Temple:   hellmonk_temple_divided_pantheon

Skill      XL: |  1  2  3  4  5  6 |
---------------+-------------------+-----
Axes           | 3 4 6 7 9 |  9.0
Fighting       | |  3.6
Armour         | |  3.6
Shields        | |  3.6

Action                     |  1- 3 |  4- 6 || total
---------------------------+-------+-------++-------
  Melee: War axe           |    80 |   161 ||   241
         Headbutt          |     6 |    23 ||    29
    Use: Potion            |     1 |       ||     1
         Scroll            |       |     1 ||     1
 Armour: Scale mail        |    50 |     2 ||    52
         Plate armour      |       |    97 ||    97
  Dodge: Dodged            |    49 |    60 ||   109
  Block: Buckler           |    17 |    44 ||    61

Table legend: (Time is in decaauts)
 A = Elapsed time spent in this place.
 B = Non-inter-level travel time spent in this place.
 C = Inter-level travel time spent in this place.
 D = Time resting spent in this place.
 E = Time spent auto-exploring this place.
 F = Levels seen in this place.
 G = Mean time per level.
                   A        B        C        D        E       F      G
               +--------+--------+--------+--------+--------+-----+--------+
         Total |   2628 |   2504 |    124 |     18 |   1117 |   5 |  525.6 |
       Dungeon |   2585 |   2461 |    124 |     18 |   1117 |   4 |  646.2 |
        Temple |     42 |     42 |      0 |      0 |      0 |   1 |   42.0 |
               +--------+--------+--------+--------+--------+-----+--------+

Top non-repeatable levels by time:
     D:3: 1037 daAuts
     D:2: 801 daAuts
     D:1: 578 daAuts
     D:4: 168 daAuts
  Temple: 42 daAuts
